 Dungeon Crawl Stone Soup version 0.31.0-11-ge490571c62 (webtiles) character file.

Game seed: 5870330608469406446

70 qw the Shooter (level 4, 0/25 HPs)
             Began as a Deep Elf Hunter on Feb 5, 2024.
             Slain by a goblin
             ... wielding a +0 club
             ... led by Robin
              (6 damage)
             ... on level 2 of the Dungeon.
             The game lasted 00:00:35 (1073 turns).

qw the Shooter (Deep Elf Hunter)                    Turns: 1073, Time: 00:00:36

Health: 0/25       AC:  5    Str: 10    XL:     4   Next: 3%
Magic:  6/6        EV: 11    Int: 14    God:
Gold:   35         SH:  0    Dex: 18    Spells: 3/3 levels left

rFire   . . .        a - +0 shortbow
rCold   . . .        (shield currently unavailable)
rNeg    . . .        d - +0 ring mail
rPois   .            (no helmet)
rElec   .            (no cloak)
rCorr   .            (no gloves)
SInv    .            (no boots)
Will    .....        (no amulet)
Stlth   +            (no ring)
HPRegen 0.24/turn    (no ring)
MPRegen 0.10/turn

%: no passive effects
@: no status effects
A: no striking features
a: no special abilities


You were on level 2 of the Dungeon.
You visited 1 branch of the dungeon, and saw 2 of its levels.

You collected 35 gold pieces.


   Skills:
 - Level 1.5 Fighting
 + Level 7.4 Ranged Weapons
 - Level 2.4 Dodging
 - Level 1.2 Stealth


You had 3 spell levels left.
You didn't know any spells.
Your spell library was empty.

Inventory:

Hand Weapons
 a - a +0 shortbow (weapon)
Armour
 d - a +0 ring mail (worn)
Scrolls
 c - 2 scrolls of identify
 f - a scroll of blinking {unknown}
 g - a scroll of fog {unknown}
Potions
 b - a potion of curing {unknown}
 e - a potion of attraction {unknown}
 h - a potion of cancellation {unknown}

Dungeon Overview and Level Annotations

Branches:
Dungeon (2/15)

Altars:

Annotations:
D:2 Robin


Message History

The goblins go into a battle-frenzy!
A goblin comes into view. It is wielding a +0 club.
You hear a shout!
You shoot an arrow. The arrow hits the goblin.
You kill the goblin!
You shoot an arrow. The arrow hits the adder.
The adder is lightly wounded.
The adder closely misses you. Robin throws the goblin at you!
The goblin hits you with a +0 club. The adder closely misses you.
You shoot an arrow.
The arrow hits the adder but does no damage.
The adder is lightly wounded.
The adder closely misses you. The goblin barely misses you.
You shoot an arrow. The arrow barely misses the adder.
The arrow completely misses the goblin.
The arrow hits the hobgoblin.
You kill the hobgoblin!
The adder bites you. The goblin barely misses you. The adder barely misses you.
You have reached level 4!
You feel clever.
You shoot an arrow. The arrow misses the adder.
The arrow hits the goblin!
You kill the goblin!
A goblin comes into view. It is wielding a +0 club. x2
The goblin hits you with a +0 club. The adder bites you but does no damage.
The goblin barely misses you. The adder barely misses you.
The goblin moves out of view.
You shoot an arrow.
The arrow hits the adder but does no damage.
The adder is lightly wounded.
The adder bites you. The goblin closely misses you.
You shoot an arrow. The arrow misses the adder.
The arrow hits the goblin.
You kill the goblin!
The adder bites you. The goblin misses you. The adder closely misses you.
You shoot an arrow. The arrow hits the adder.
The adder is moderately wounded.
Robin roars a battlecry!
The goblin goes into a battle-frenzy!
The goblin closely misses you. The adder bites you but does no damage.
You shoot an arrow. The arrow hits the adder!
You kill the adder!
Robin throws the goblin at you! The goblin hits you with a +0 club. x2
You die...

######### #......###
........####..[......
#....................
#...........##.......
#.:.........##.......
#.......######.......
.....................
#..#.#######....#.......
....ggg@g..'.......)....
...#g#######....##.....#
#....##.....#
#####.%..########
#........# #........#
#........# ## #........#
##%## #.######## ##.#.#


You could see Robin, a hobgoblin (strong) and 3 goblins.

Vanquished Creatures
  2 adders (D:2)
  A ribbon worm (D:2)
  6 ball pythons
  4 endoplasms (D:2)
  A giant cockroach (D:2)
  10 goblins
  10 hobgoblins
  3 quokkas
  5 bats
  3 kobolds (D:1)
  8 rats
53 creatures vanquished.

Notes
Turn   | Place    | Note
-------+----------+-------------------------------------------
     0 | D:1      | qw the Deep Elf Hunter began the quest for the Orb.
     0 | D:1      | Reached XP level 1. HP: 12/12 MP: 3/3
     0 | D:1      | 0 ||| qw: Version: 0.3-a-160-g6735b56
     0 | D:1      | 0 ||| qw: Game counter: 6565
     0 | D:1      | 0 ||| qw: Melee chars always use a shield: true
     0 | D:1      | 0 ||| qw: God list: Okawaru
     0 | D:1      | 0 ||| qw: Allow faded altars: false
     0 | D:1      | 0 ||| qw: Do Orc after clearing Dungeon:15 true
     0 | D:1      | 0 ||| qw: Do second Lair branch before Depths: true
     0 | D:1      | 0 ||| qw: Lair rune preference: random
     0 | D:1      | 0 ||| qw: Goals: Normal
     0 | D:1      | 0 ||| PLANNING D:1-11
   199 | D:1      | Reached skill level 6 in Ranged Weapons
   199 | D:1      | Reached XP level 2. HP: 16/16 MP: 4/4
   299 | D:1      | You fall into a shaft and drop 1 floor!
   345 | D:2      | Reached XP level 3. HP: 20/20 MP: 5/5
   392 | D:2      | 392 ||| UPGRADING to +0 ring mail.
   402 | D:2      | 402 ||| DROPPING +0 leather armour.
   403 | D:2      | 403 ||| DROPPING ring of wizardry.
   404 | D:2      | 404 ||| READING scroll labelled KIEMELOUXO.
   405 | D:2      | 405 ||| READING 3 scrolls labelled WOIPLO ZIG COTS.
   405 | D:2      | 405 ||| IDENTIFYING glowing sapphire potion
   406 | D:2      | 406 ||| READING 2 scrolls of identify.
   406 | D:2      | 406 ||| IDENTIFYING metallic ruby potion
   407 | D:2      | 407 ||| READING scroll of identify.
   407 | D:2      | 407 ||| IDENTIFYING scroll labelled WEOGUH XIKI
   408 | D:2      | 408 ||| DROPPING scroll of butterflies.
   409 | D:2      | 409 ||| DROPPING potion of ambrosia.
   410 | D:2      | 410 ||| DROPPING potion of lignification.
   411 | D:2      | 411 ||| DROPPING scroll of revelation.
   795 | D:2      | Reached skill level 7 in Ranged Weapons
  1060 | D:2      | Noticed Robin
  1069 | D:2      | Reached XP level 4. HP: 15/25 MP: 6/6
  1073 | D:2      | HP: 6/25 [goblin/+0 club[Robin] (1)]
  1073 | D:2      | Slain by a goblin

Levels and vault maps discovered:
D:1:      minmay_arrival_open_corners, layout_loops_ring, minmay_pentomino_r2
D:2:      minmay_inner_zag, layout_basic, nicolae_titane, uniq_robin

Skill      XL: |  1  2  3 |
---------------+----------+-----
Ranged Weapons | 6 7 |  7.4
Fighting       | |  1.5
Dodging        | |  2.4
Stealth        | |  1.2

Action                     |  1- 3 |  4- 6 || total
---------------------------+-------+-------++-------
   Fire: Shortbow          |   116 |     5 ||   121
    Use: Scroll            |     4 |       ||     4
 Armour: Leather armour    |     4 |       ||     4
         Ring mail         |    16 |     8 ||    24
  Dodge: Dodged            |    17 |     6 ||    23

Table legend:
 A = Non-vault XP
 B = Vault XP
 C = Vault XP percentage of total XP
 D = Non-vault monster count
 E = Vault monster count
 F = Vault count percentage of total count
                 A         B        C        D         E       F
            +---------+---------+-------+---------+---------+-------
      Total |      97 |      17 |  14.9 |      43 |      10 |  18.9
            +---------+---------+-------+---------+---------+-------
        D:1 |      42 |       0 |   0.0 |      25 |       0 |   0.0
        D:2 |      55 |      17 |  23.6 |      18 |      10 |  35.7
            +---------+---------+-------+---------+---------+-------
